 Dungeon Crawl Stone Soup version 0.25-a0-731-g0472a16 (webtiles) character file.

Game seed: 15364544016421217761, levelgen mode: deterministic

11951 BlueFish the Thaumaturge (level 11, -2/81 HPs)
             Began as a Mummy Wizard on Apr 8, 2020.
             Was a Priest of Kikubaaqudgha.
             Hit by a large rock thrown by a cyclops (17 damage)
             ... on level 12 of the Dungeon.
             The game lasted 00:57:48 (21972 turns).

BlueFish the Thaumaturge (Mummy Wizard)            Turns: 21972, Time: 00:57:49

Health: -2/81      AC:  3    Str: 11    XL:     11   Next: 56%
Magic:  36/36      EV: 14    Int: 20    God:    Kikubaaqudgha [***...]
Gold:   453        SH:  0    Dex: 11    Spells: 1/34 levels left

rFire    x . .     SeeInvis .   t - +4 quarterstaff
rCold    + . .     Gourm    .   (shield currently unavailable)
rNeg     + + +     Faith    .   a - +0 robe
rPois    ∞         Spirit   .   b - +0 hat
rElec    .         Reflect  .   e - +0 cloak
rCorr    .         Harm     .   (no gloves)
MR       +....                  (no boots)
Stlth    +++.......             x - amulet of regeneration
HPRegen  0.63/turn              c - +5 ring of slaying
MPRegen  0.25/turn              n - ring of magical power

@: no status effects
A: no food or potions, fire vulnerability, cold resistance 1, negative energy
resistance 3, torment resistance, unbreathing
a: Receive Corpses, Renounce Religion


You were on level 12 of the Dungeon.
You worshipped Kikubaaqudgha.
Kikubaaqudgha was most pleased with you.
You were not hungry.

You visited 2 branches of the dungeon, and saw 13 of its levels.

You collected 738 gold pieces.
You spent 285 gold pieces at shops.

Inventory:

Hand Weapons
 f - a +1 dagger of venom
 o - a +2 whip of freezing
 s - a +0 spear
 t - a +4 quarterstaff (weapon)
 v - a +1 whip of venom
 w - a +0 whip of distortion
Armour
 a - a +0 robe (worn)
 b - a +0 hat (worn)
 e - a +0 cloak (worn)
Jewellery
 c - a +5 ring of slaying (left hand)
 j - an uncursed ring of flight
 n - a ring of magical power (right hand)
 r - a +4 ring of evasion
 x - an amulet of regeneration (around neck)
 C - a +3 ring of evasion
Wands
 l - a wand of flame (20)
 m - a wand of paralysis (7)
 p - a wand of random effects (27)
 B - a wand of digging (4)
Scrolls
 g - 3 scrolls of teleportation
 i - a scroll of fog
 k - 2 scrolls of enchant weapon
 q - 2 scrolls of amnesia
 u - a scroll of brand weapon
 y - a scroll of magic mapping {unknown}
 z - a scroll of silence {unknown}
 A - 3 scrolls of remove curse
 D - a scroll of identify
Miscellaneous
 d - a lightning rod (4/4)
 h - a lightning rod (4/4)


   Skills:
 * Level 5.8 Fighting
 + Level 1.1 Short Blades
 + Level 1.0(2.5) Maces & Flails
 * Level 3.7(3.8) Staves
 * Level 5.2 Dodging
 * Level 6.0 Stealth
 * Level 12.4 Spellcasting
 + Level 1.8 Conjurations
 + Level 4.1 Summonings
 * Level 5.5 Necromancy
 + Level 0.7 Translocations
 + Level 0.1 Air Magic
 + Level 1.0 Poison Magic
 * Level 4.9 Evocations


You had one spell level left.
You knew the following spells:

 Your Spells              Type           Power        Failure   Level  Hunger
a - Pain                  Necr           ####         1%          1    N/A
b - Blink                 Tloc           N/A          6%          2    N/A
c - Call Imp              Summ           ####....     1%          2    N/A
d - Slow                  Hex            ##......     9%          2    N/A
e - Mephitic Cloud        Conj/Pois/Air  ###.....     11%         3    N/A
f - Animate Skeleton      Necr           N/A          1%          1    N/A
g - Magic Dart            Conj           ###.         2%          1    N/A
h - Corpse Rot            Necr/Air       N/A          2%          2    N/A
i - Vampiric Draining     Necr           ####......   1%          3    N/A
j - Summon Guardian Gole  Hex/Summ       ###.....     7%          3    N/A
k - Dispel Undead         Necr           ####....     5%          4    N/A
l - Animate Dead          Necr           N/A          5%          4    N/A
m - Agony                 Necr           ####....     16%         5    N/A

Your spell library contained the following spells:

 Spells                   Type           Power        Failure   Level  Hunger
 Summon Small Mammal      Summ           ####         1%          1    N/A
 Foxfire                  Conj/Fire      ###.         3%          1    N/A
 Call Canine Familiar     Summ           ####....     3%          3    N/A
 Conjure Flame            Conj/Fire      ###.....     11%         3    N/A
 Inner Flame              Hex/Fire       ##......     16%         3    N/A
 Summon Lightning Spire   Summ/Air       ###.....     22%         4    N/A
 Summon Ice Beast         Ice/Summ       ###.....     24%         4    N/A
 Sticky Flame             Conj/Fire      ###.....     36%         4    N/A
 Excruciating Wounds      Chrm/Necr      ###.......   43%         5    N/A
 Fireball                 Conj/Fire      ###.......   71%         5    N/A
 Simulacrum               Ice/Necr       ###.......   95%         6    N/A

Dungeon Overview and Level Annotations

Branches:
Dungeon (12/15)            Temple (1/1) D:7            Lair (0/6) D:10
    Orc (0/2) D:10

Altars:
Ashenzari
Cheibriados
Dithmenos
Elyvilon
Fedhas
Gozag
Hepliaklqana
Kikubaaqudgha
Makhleb
Nemelex Xobeh
Okawaru
Qazlal
Ru
Sif Muna
Trog
Uskayaw
Vehumet
Wu Jian
Xom
Yredelemnul
Zin
The Shining One

Shops:
D:5 }   D:6 =   D:11 %


Innate Abilities, Weirdness & Mutations

You do not eat or drink.
Your flesh is vulnerable to fire.
You are immune to poison.
Your flesh is cold resistant. (rC+)
You are immune to negative energy. (rN+++)
You are immune to unholy pain and torment.
You can survive without breathing.


Message History

You see here a battleaxe.
E - a glowing leather armour Drop what? 31/52 slots (_ for help) (? for menu, Esc to quit)
You drop a glowing leather armour.
There is an open door here.
Found a ration.
Found 13 bolts.
Found a potion of curing.
A cyclops comes into view.
The cyclops throws a large rock.
The large rock hits you!!!
Ouch! That really hurt!
You see here a large rock.
The cyclops throws a large rock.
The large rock hits you!!
* * * LOW HITPOINT WARNING * * *
You see here a large rock.
As you read the scroll of fog, it crumbles to dust.
The scroll dissolves into smoke.
The cyclops throws a large rock.
The large rock hits you!
You die...
Kikubaaqudgha rasps: "You have failed me!
Welcome... oblivion!"

#..................
#...(......#######.
#..........# #.
#..........# #.
#..........# #.
#..#######.# #####.
#§.# .. ...... ##§§#
...... #§§@# ......
#.§§# ...... #...#
......
#...#######...####..
#..C..........# ###
#.............# ...
..............# ...
######......)..# ...
.........# ...


You could see a cyclops.

Vanquished Creatures
  Erolcha (D:10)
  A two-headed ogre (D:10)
  Pikel (D:6)
  A cyclops (D:11)
  A centaur zombie (D:11)
  2 trolls
  Prince Ribbit (D:7)
  A hippogriff (D:12)
  10 yaks
  2 basilisks (D:10)
  A hungry ghost (D:8)
  A necrophage (D:6)
  2 porcupines (D:10)
  8 orc warriors
  An ice beast (D:10)
  4 sky beasts
  A slave (D:5)
  3 ogres
  3 centaurs
  3 phantoms
  3 crocodiles (D:10)
  Blork the orc (D:4)
  3 big kobolds
  5 bullfrogs
  A wyvern skeleton (D:6)
  A water moccasin zombie (D:8)
  6 scorpions
  6 killer bees
  3 wights
  5 howler monkeys
  An electric eel (D:10)
  5 crimson imps
  7 hounds
  3 bullfrog zombies
  2 jellies
  4 centaur skeletons
  8 orc priests
  4 iguanas
  14 orc wizards
  7 worker ants
  A hound zombie (D:7)
  A howler monkey zombie (D:11)
  A worker ant zombie (D:9)
  10 adders
  3 gnolls (D:10)
  3 shadow imps
  An ooze (D:3)
  An adder zombie (D:7)
  A worm (D:3)
  2 dart slugs
  3 leopard geckos
  48 orcs
  5 bats
  6 giant cockroaches
  4 goblins
  5 hobgoblins
  7 jackals
  4 quokkas
  2 ball pythons
  4 frilled lizards
  13 kobolds
  6 rats
  A bush (D:4)
269 creatures vanquished.

Vanquished Creatures (collateral kills)
  Grinder (D:4)
  A hog (D:8)
  An ice beast (D:8)
  A phantom (D:9)
  An orc warrior (D:6)
  A necrophage (D:6)
  A sky beast (D:6)
  4 ogres
  3 centaurs
  A big kobold (D:8)
  A bullfrog (D:8)
  A scorpion (D:4)
  A jelly (D:6)
  2 orc priests
  A bullfrog skeleton (D:5)
  4 worker ants
  2 iguanas (D:4)
  2 orc wizards (D:6)
  A killer bee zombie (D:7)
  5 adders
  3 worms (D:2)
  A leopard gecko (D:5)
  15 orcs
  3 jackals (D:3)
  7 kobolds
  2 quokkas
  A frilled lizard (D:2)
  A rat (D:3)
68 creatures vanquished.

Vanquished Creatures (others)
  A worker ant (D:6)
  3 fungi (D:10)
  8 plants (D:10)
12 creatures vanquished.

Grand Total: 349 creatures vanquished

Notes
Turn   | Place    | Note
-------+----------+-------------------------------------------
     0 | D:1      | BlueFish the Mummy Wizard began the quest for the Orb.
     0 | D:1      | Reached XP level 1. HP: 13/13 MP: 5/5
   312 | D:1      | Reached XP level 2. HP: 19/19 MP: 2/7
   316 | D:1      | Learned a level 2 spell: Blink
   319 | D:1      | Learned a level 2 spell: Call Imp
   322 | D:1      | Learned a level 2 spell: Slow
  1235 | D:2      | Reached skill level 5 in Spellcasting
  1235 | D:2      | Reached skill level 1 in Conjurations
  1235 | D:2      | Reached XP level 3. HP: 22/24 MP: 1/9
  1240 | D:2      | Learned a level 3 spell: Mephitic Cloud
  2337 | D:2      | Reached skill level 1 in Summonings
  2515 | D:3      | Reached XP level 4. HP: 30/30 MP: 2/11
  2779 | D:3      | Found a burning altar of Makhleb.
  2779 | D:3      | Noticed a balrug
  3561 | D:3      | Reached skill level 1 in Fighting
  3561 | D:3      | Reached skill level 6 in Spellcasting
  3561 | D:3      | Reached XP level 5. HP: 31/37 MP: 4/13
  3792 | D:4      | Noticed an ogre
  3933 | D:4      | Noticed Blork the orc
  3947 | D:4      | Found a glowing silver altar of Zin.
  4376 | D:4      | Noticed Grinder
  4378 | D:4      | Paralysed by Grinder for 2 turns
  4400 | D:4      | Paralysed by Grinder for 7 turns
  4415 | D:4      | Paralysed by Grinder for 5 turns
  4868 | D:4      | Killed Blork the orc
  5143 | D:4      | Found a shimmering altar of Xom.
  5143 | D:4      | Noticed an angel
  5153 | D:4      | Killed an ogre
  5153 | D:4      | Reached XP level 6. HP: 44/44 MP: 6/15
  5168 | D:4      | Killed Grinder
  6029 | D:5      | Entered Level 5 of the Dungeon
  6074 | D:5      | Reached skill level 7 in Spellcasting
  6097 | D:5      | Reached XP level 7. HP: 34/50 MP: 1/17
  6862 | D:5      | Found Jymirr's Gadget Shoppe.
  6895 | D:5      | Bought a wand of flame (8) for 65 gold pieces
  7068 | D:5      | Reached skill level 1 in Evocations
  7284 | D:5      | Found an ornate altar of the Wu Jian Council.
  7672 | D:5      | Reached skill level 8 in Spellcasting
  8150 | D:6      | Reached XP level 8. HP: 28/57 MP: 7/20
  8506 | D:6      | Found a white marble altar of Elyvilon.
  8953 | D:6      | HP: 2/58 [orc warrior/+0 trident (11)]
  9411 | D:6      | Found a basalt altar of Yredelemnul.
  9604 | D:6      | Found Etuohuuqy's Jewellery Shoppe.
  9668 | D:6      | Bought an uncursed ring of magical power for 220 gold
                  | pieces
  9751 | D:6      | Noticed Pikel
  9768 | D:6      | Killed Pikel
  9768 | D:6      | Reached skill level 1 in Short Blades
  9768 | D:6      | Reached skill level 9 in Spellcasting
  9977 | D:6      | Found an iron altar of Okawaru.
 10341 | D:7      | Reached XP level 9. HP: 18/65 MP: 18/22
 10887 | D:7      | Noticed Prince Ribbit
 10903 | D:7      | Killed Prince Ribbit
 10903 | D:7      | Reached skill level 10 in Spellcasting
 11032 | D:7      | Found a staircase to the Ecumenical Temple.
 11037 | Temple   | Entered the Ecumenical Temple
 11142 | D:7      | Found an ancient bone altar of Kikubaaqudgha.
 11142 | D:7      | Found a shimmering blue altar of Sif Muna.
 11144 | D:7      | Found a radiant altar of Vehumet.
 11146 | D:7      | Identified Kikubaaqudgha's Volume of Evil
 11150 | D:7      | Learned a level 1 spell: Animate Skeleton
 11151 | D:7      | Became a worshipper of Kikubaaqudgha
 11446 | D:8      | Reached skill level 1 in Necromancy
 11828 | D:8      | Got a pair of ancient boots
 11834 | D:8      | Identified the cursed -1 pair of boots of Yriplej {rCorr}
                  | (You found it on level 8 of the Dungeon)
 11926 | D:8      | Found a glowing golden altar of the Shining One.
 11926 | D:8      | Found a hide-covered altar of Uskayaw.
 11927 | D:8      | Found a shadowy altar of Dithmenos.
 12368 | D:8      | Reached skill level 1 in Maces & Flails
 12862 | D:8      | Reached * piety under Kikubaaqudgha
 12862 | D:8      | Identified Kikubaaqudgha's Disquisition on Sinister Magic
                  | (Kikubaaqudgha gifted it to you on level 8 of the Dungeon)
 12862 | D:8      | Received a gift from Kikubaaqudgha
 12868 | D:8      | Learned a level 1 spell: Pain
 12871 | D:8      | Learned a level 2 spell: Corpse Rot
 12875 | D:8      | Learned a level 3 spell: Vampiric Draining
 12879 | D:8      | Learned a level 3 spell: Summon Guardian Golem
 13763 | D:9      | Reached XP level 10. HP: 55/73 MP: 23/24
 13882 | D:9      | Reached skill level 1 in Staves
 14131 | D:9      | Found a sacrificial altar of Ru.
 14192 | D:9      | Found a snail-covered altar of Cheibriados.
 14287 | D:9      | Reached skill level 5 in Fighting
 14814 | D:10     | Entered Level 10 of the Dungeon
 14898 | D:9      | Reached skill level 11 in Spellcasting
 15066 | D:10     | Reached ** piety under Kikubaaqudgha
 15287 | D:10     | HP: 3/74 [bullfrog (8)]
 15691 | D:10     | Reached skill level 1 in Poison Magic
 15737 | D:10     | Reached skill level 5 in Stealth
 16001 | D:9      | HP: 3/74 [something (6)]
 17595 | D:10     | Found a staircase to the Lair.
 18088 | D:10     | Found a staircase to the Orcish Mines.
 18508 | D:11     | Noticed Erolcha
 18508 | D:11     | Noticed a two-headed ogre
 18523 | D:10     | Killed a two-headed ogre
 18523 | D:10     | Reached XP level 11. HP: 13/80 MP: 26/26
 18854 | D:11     | Reached *** piety under Kikubaaqudgha
 18854 | D:11     | Identified Kikubaaqudgha's Compendium of Unholy Rituals
                  | (Kikubaaqudgha gifted it to you on level 11 of the Dungeon)
 18854 | D:11     | Received a gift from Kikubaaqudgha
 18867 | D:10     | Learned a level 4 spell: Dispel Undead
 18872 | D:10     | Learned a level 4 spell: Animate Dead
 18878 | D:10     | Learned a level 5 spell: Agony
 19220 | D:10     | Reached skill level 5 in Dodging
 20306 | D:10     | Killed Erolcha
 20306 | D:10     | Reached skill level 12 in Spellcasting
 20693 | D:11     | Reached skill level 5 in Necromancy
 20855 | D:11     | Found Iferelao's Food Shop.
 21972 | D:12     | Hit by a large rock thrown by a cyclops

Levels and vault maps discovered:
D:1:      onia_arrival_larder, layout_rooms, serial_co_window_serial,
          co_window_of_opportunity_a, co_window_corner_a,
          co_window_of_opportunity_a, co_window_corner_a, co_window_paths_a,
          co_window_of_opportunity_c, co_window_broadway_a,
          co_window_of_opportunity_c, co_window_broadway_a, co_window_cross_4,
          co_window_broadway_b, co_window_paths_d, glass_columns_c,
          glass_columns_a, chequers_serial_rivers_micro_a
D:2:      layout_loops_ring, chequers_decorated_corner, eino_curves_03,
          chequers_serial_rivers_room_a
D:3:      layout_loops_ring, makhleb_altar_promises_db
D:4:      layout_basic, grunt_temple_overflow_order_and_chaos_1, serial_forest,
          infiniplex_forest_zigzag_1, infiniplex_forest_clump_small,
          infiniplex_forest_pool, infiniplex_forest_corner_1,
          infiniplex_forest_corner_1, infiniplex_forest_straight_2,
          infiniplex_forest_straight_2, infiniplex_forest_diagonal,
          first_ration, chequers_serial_rivers_large_b, uniq_blork_the_orc,
          uniq_grinder
D:5:      layout_gridville, marbit_many_paths, serial_shops,
          nicolae_shop_competitors_out_of_business
D:6:      layout_basic, kennysheep_ying_yang, serial_shops,
          nicolae_shop_waterfront, okawaru_trees_1, uniq_pikel
D:7:      layout_loops_ring, grunt_temple_overflow_magic_moments,
          minmay_temple_entry_glassed_door, uniq_prince_ribbit1
D:8:      layout_basic, gammafunk_temple_overflow_claw, grunt_livestock
D:9:      layout_roguey, nicolae_overflow_hidden_temple, kennysheep_mini_moat,
          chequers_serial_rivers_small_3
D:10:     layout_long_grid, minmay_lair_entry_grove, erik_orc_2
D:11:     layout_basic, serial_shops, shop, uniq_erolcha
D:12:     layout_irregular_city, uniq_jorgrun
Temple:   dpeg_three_leaves_temple

Skill      XL: |  1  2  3  4  5  6  7  8  9 10 11 |
---------------+----------------------------------+-----
Spellcasting   | 5 6 7 8 9 10 11 12 | 12.4
Conjurations   | 1 |  1.8
Summonings     | 1 2 3 4 |  4.1
Fighting       | 1 2 3 4 5 |  5.8
Stealth        | 2 3 4 5 6 |  6.0
Dodging        | 2 3 4 5 |  5.2
Evocations     | 1 2 3 4 |  4.9
Short Blades   | 1 |  1.1
Necromancy     | 2 4 5 |  5.5
Maces & Flails | 1 |  1.0
Staves         | 2 3 |  3.7
Poison Magic   | 1 |  1.0
Translocations | |  0.7
Air Magic      | |  0.1

Action                   |  1- 3 |  4- 6 |  7- 9 | 10-12 || total
-------------------------+-------+-------+-------+-------++-------
Melee: Unarmed           |     1 |       |       |       ||     1
       Dagger            |    12 |   185 |    72 |       ||   269
       Whip              |       |       |   133 |       ||   133
       Quarterstaff      |       |       |    18 |   252 ||   270
 Cast: Magic Dart        |    61 |    45 |   198 |    29 ||   333
       Call Imp          |    22 |    59 |   132 |    19 ||   232
       Mephitic Cloud    |       |     3 |    13 |    21 ||    37
       Pain              |       |       |    22 |   219 ||   241
       Vampiric Draining |       |       |     4 |    91 ||    95
       Blink             |       |       |       |     2 ||     2
  Use: Scroll            |     1 |       |     9 |     5 ||    15
 Stab: Sleeping          |       |     1 |       |     1 ||     2
       Confused          |       |       |     3 |     7 ||    10
       Distracted        |       |       |     1 |       ||     1
Armor: Robe              |     5 |    12 |    33 |    44 ||    94
Dodge: Dodged            |    19 |    64 |   160 |   257 ||   500

Table legend:
 A = Non-vault XP
 B = Vault XP
 C = Vault XP percentage of total XP
 D = Non-vault monster count
 E = Vault monster count
 F = Vault count percentage of total count
                 A         B        C        D         E       F
            +---------+---------+-------+---------+---------+-------
      Total |   12605 |    4468 |  26.2 |     290 |      45 |  13.4
            +---------+---------+-------+---------+---------+-------
        D:1 |      21 |       5 |  19.2 |      11 |       4 |  26.7
        D:2 |      70 |       0 |   0.0 |      19 |       0 |   0.0
        D:3 |     109 |       0 |   0.0 |      22 |       0 |   0.0
        D:4 |     228 |     191 |  45.6 |      10 |       2 |  16.7
        D:5 |     690 |      20 |   2.8 |      26 |       1 |   3.7
        D:6 |     792 |     448 |  36.1 |      27 |       1 |   3.6
        D:7 |     676 |     259 |  27.7 |      31 |       1 |   3.1
        D:8 |    1300 |     116 |   8.2 |      29 |       1 |   3.3
        D:9 |    2190 |     209 |   8.7 |      38 |       1 |   2.6
       D:10 |    3253 |    3220 |  49.7 |      41 |      34 |  45.3
       D:11 |    2452 |       0 |   0.0 |      19 |       0 |   0.0
       D:12 |     824 |       0 |   0.0 |      17 |       0 |   0.0
            +---------+---------+-------+---------+---------+-------
